 Dungeon Crawl Stone Soup version 0.31-a0-965-g8a8ce12e04 (webtiles) character file.

Game seed: 14261323476520285981

3436 plaop the Cleaver (level 9, 0/71 HPs)
             Began as a Minotaur Fighter on Oct 26, 2023.
             Was a Believer of Hepliaklqana.
             Slain by a vampire
             ... wielding a +0 vampiric halberd
              (1 damage)
             ... in a bailey.
             The game lasted 00:06:58 (6114 turns).

plaop the Cleaver (Minotaur Fighter)                Turns: 6114, Time: 00:06:58

Health: 0/71       AC: 12    Str: 26    XL:     9   Next: 77%
Magic:  8/8        EV:  9    Int:  5    God:    Hepliaklqana [**....]
Gold:   388        SH:  5    Dex:  9    Spells: 8/8 levels left

rFire   . . .        a - +0 war axe
rCold   . . .        c - +0 buckler
rNeg    . . .        n - +0 chain mail
rPois   .            (helmet restricted)
rElec   .            x - +0 cloak
rCorr   .            (no gloves)
SInv    .            (no boots)
Will    .....        j - amulet of the acrobat Stlth
                     w - ring of flight
HPRegen 0.31/turn    (no ring)
MPRegen 0.11/turn

%: acrobat
@: mighty, flying
A: reduced essence, horns 2, retaliatory headbutt
a: Renounce Religion, Recall Ancestor, Ancestor Identity


You were in a bailey.
You worshipped Hepliaklqana.
Hepliaklqana was pleased with you.
You visited 2 branches of the dungeon, and saw 9 of its levels.
You also visited: Bailey.

You collected 388 gold pieces.

Inventory:

Hand Weapons
 a - a +0 war axe (weapon)
Missiles
 u - a throwing net
Armour
 c - a +0 buckler (worn)
 n - a +0 chain mail (worn)
 x - a +0 cloak (worn)
Jewellery
 j - an amulet of the acrobat (around neck)
 w - a ring of flight (left hand)
Wands
 i - a wand of flame (21)
 r - a wand of digging (6)
 y - a wand of light (5) (quivered)
 z - a wand of polymorph (7)
 A - a wand of paralysis (4)
Scrolls
 f - 3 scrolls of noise
 g - 3 scrolls of fog
 h - 3 scrolls of teleportation
 k - 3 scrolls of enchant armour
 o - 2 scrolls of vulnerability
 p - a scroll of immolation
 v - a scroll of blinking
Potions
 b - a potion of mutation
 e - a potion of heal wounds {unknown}
 l - a potion of haste {unknown}
 m - a potion of lignification {unknown}
 q - 2 potions of magic {unknown}
 s - a potion of curing {unknown}
 t - 2 potions of brilliance {unknown}


   Skills:
 + Level 7.4 Fighting
 + Level 11.3 Axes
 + Level 8.2 Armour
 + Level 3.1 Dodging
 + Level 1.4 Stealth
 + Level 7.1 Shields
 + Level 0.6 Evocations


You had 8 spell levels left.
You didn't know any spells.
Your spell library contained the following spells:

 Spells                   Type           Power      Damage    Failure   Level
 Blink                    Tloc           0%         N/A       98%         2
 Lesser Beckoning         Tloc           0%         N/A       98%         2
 Momentum Strike          Conj/Tloc      0%         3d8       98%         2
 Call Canine Familiar     Summ           0%         N/A       100%        3
 Dazzling Flash           Conj/Hex       0%         N/A       100%        3
 Ozocubu's Armour         Ice            0%         N/A       100%        3
 Sigil of Binding         Hex            0%         N/A       100%        3
 Dimensional Bullseye     Hex/Tloc       0%         N/A       100%        4
 Leda's Liquefaction      Hex/Erth       0%         N/A       100%        4
 Agony                    Necr           0%         N/A       100%        5
 Metabolic Englaciation   Hex/Ice        0%         N/A       100%        5
 Silence                  Hex/Air        0%         N/A       100%        5
 Simulacrum               Ice/Necr       0%         N/A       100%        6


Dungeon Overview and Level Annotations

Branches:
Dungeon (8/15)             Temple (1/1) D:5          Bailey (1/1)
   Lair: D:8-11

Altars:
Ashenzari
Cheibriados
Dithmenos
Elyvilon
Fedhas
Gozag
Hepliaklqana
Kikubaaqudgha
Makhleb
Nemelex Xobeh
Qazlal
Ru
Sif Muna
Trog
Uskayaw
Vehumet
Xom
Yredelemnul
Zin
The Shining One

Shops:
D:5 =   D:7 !   D:8 !


Innate Abilities, Weirdness & Mutations

Your life essence is reduced to manifest your ancestor. (-10% HP)
You have a pair of horns on your head.
You reflexively headbutt those who attack you in melee.


Message History

You reach down and open the large door.
There is a large open door here.
A vampire comes into view. It is wielding a +0 vampiric halberd.
Found an emerald potion.
A vampire is nearby!
The bolt of light hits the vampire.
The vampire is lightly damaged.
The vampire gestures wildly while chanting.
The vampire flickers and vanishes!
Deactivating autopickup; reactivate with Ctrl-A.
You feel very mighty all of a sudden.
Found bloodstained shadow dragon scales.
You swap places.
Found a ruby ring.
Something hits you! Something bites you but does no damage.
You closely miss something. Your headbutt misses something. Something hits you!
Something bites you but does no damage.
Edmée hits something but does no damage.
You barely miss something. Something hits you but does no damage.
Something bites you but does no damage.
You barely miss something. Your headbutt misses something. Something hits you!
Something bites you but does no damage.
Edmée hits something with a +0 flail.
You slash something! Your headbutt misses something.
You block something's attack. Something bites you but does no damage.
You closely miss something. You headbutt something.
Edmée hits something but does no damage.
Something hits Edmée!
Something bites Edmée!
You miss something. Something hits you. Something bites you.
Something draws strength from your injuries!
Edmée hits something but does no damage.
You hit something. Something hits you. Something bites you but does no damage.
You miss something.
Edmée barely misses something.
Something hits you. You block something's attack.
You hit something. Something hits you!
* * * LOW HITPOINT WARNING * * *
You block something's attack.
You barely miss something.
Edmée hits something with a +0 flail.
Something hits you!
* * * LOW HITPOINT WARNING * * *
Something bites you.
You die...

.######......#..#
........##...#).#
.......##....#..#
.♣.....#....##..#
......##...##...#
.......##......8#
♣♣......##....######
........#...##.R.8##
.♣..♣....#..##..@{.!#
#.R#...##.!.#
#..'..## .[# #..'..#
=# #..#...# #
#8.##.....
######...8# #####


You could see the friendly Edmée the knight.

Vanquished Creatures
  A gargoyle (Bailey)
  A troll (D:7)
  Edmund (D:4)
  3 ice beasts
  A sky beast (D:7)
  3 ogres
  A phantom (D:5)
  A bullfrog (D:7)
  2 scorpions
  4 wights (D:6)
  6 killer bees (D:7)
  3 howler monkeys
  4 wolf zombies (Bailey)
  7 vampire bats (Bailey)
  An orc priest (D:6)
  2 jellies (D:5)
  6 hounds
  A sleepcap (D:5)
  An iguana (D:5)
  3 orc wizards
  3 gnolls (D:7)
  8 adders
  3 white imps
  2 ufetubi (D:3)
  4 worms (D:2)
  3 dart slugs
  13 orcs
  3 ball pythons
  6 bats
  8 endoplasms
  3 giant cockroaches
  9 goblins
  8 hobgoblins
  4 jackals (D:1)
  8 kobolds
  8 frilled lizards
  11 orc zombies (Bailey)
  7 rats
163 creatures vanquished.

Vanquished Creatures (collateral kills)
  A wight (D:6)
  3 vampire bats (Bailey)
  A wolf zombie (Bailey)
  An orc priest (D:7)
  An iguana (D:6)
  An orc wizard (D:6)
  An orc zombie (Bailey)
  A white imp (D:6)
  An orc (D:7)
11 creatures vanquished.

Grand Total: 174 creatures vanquished

Notes
Turn   | Place    | Note
-------+----------+-------------------------------------------
     0 | D:1      | plaop the Minotaur Fighter began the quest for the Orb.
     0 | D:1      | Reached XP level 1. HP: 19/19 MP: 0/0
   130 | D:1      | Reached XP level 2. HP: 22/27 MP: 1/1
   338 | D:1      | Reached XP level 3. HP: 30/33 MP: 2/2
   475 | D:1      | Found a faded altar of an unknown god.
   570 | D:2      | Reached skill level 3 in Axes
  1224 | D:2      | Reached XP level 4. HP: 40/40 MP: 3/3
  1479 | D:3      | Found a shimmering blue altar of Sif Muna.
  1590 | D:3      | Reached skill level 4 in Axes
  2077 | D:4      | Noticed Edmund
  2084 | D:3      | Reached XP level 5. HP: 39/47 MP: 4/4
  2190 | D:5      | Entered Level 5 of the Dungeon
  2194 | D:4      | Noticed an ogre
  2201 | D:4      | Killed an ogre
  2202 | D:4      | Reached skill level 5 in Axes
  2217 | D:4      | Reached skill level 5 in Armour
  2217 | D:4      | Reached skill level 1 in Dodging
  2217 | D:4      | Reached XP level 6. HP: 22/53 MP: 5/5
  2359 | D:5      | Found Hogec's Jewellery Emporium.
  2374 | D:5      | Reached skill level 5 in Fighting
  2411 | D:5      | Reached skill level 6 in Axes
  2421 | D:5      | Found a basalt altar of Yredelemnul.
  2457 | D:5      | Reached XP level 7. HP: 27/61 MP: 6/6
  2672 | D:5      | Found a staircase to the Ecumenical Temple.
  2693 | Temple   | Entered the Ecumenical Temple
  2701 | Temple   | Became a worshipper of Hepliaklqana the Forgotten
  2766 | D:5      | Found a sparkling altar of Nemelex Xobeh.
  2849 | D:5      | Reached skill level 7 in Axes
  2880 | D:5      | Reached skill level 5 in Shields
  3376 | D:4      | Reached skill level 8 in Axes
  3395 | D:4      | Reached XP level 8. HP: 63/70 MP: 7/7
  3397 | D:4      | Killed Edmund
  3466 | D:4      | Reached * piety under Hepliaklqana
  3906 | D:6      | Found a burning altar of Makhleb.
  4181 | D:6      | Reached skill level 9 in Axes
  4370 | D:6      | Reached ** piety under Hepliaklqana
  4371 | D:6      | Remembered your ancestor Edmée as a knight
  4433 | D:6      | Found a blossoming altar of Fedhas.
  4433 | D:6      | Found an ancient bone altar of Kikubaaqudgha.
  5107 | D:7      | Found Puneh's Distillery.
  5114 | D:7      | Reached XP level 9. HP: 70/70 MP: 8/8
  5305 | D:7      | Reached skill level 10 in Axes
  5627 | D:8      | Found Fynauxt's Distillery.
  5648 | D:7      | Noticed a troll
  5654 | D:7      | Killed a troll
  5774 | D:8      | Found a flagged portal.
  5783 | Bailey   | Entered a bailey
  5909 | Bailey   | Reached skill level 1 in Stealth
  5917 | Bailey   | Reached skill level 11 in Axes
  5998 | Bailey   | Noticed a gargoyle
  6007 | Bailey   | Killed a gargoyle
  6114 | Bailey   | HP: 1/71 [something (13)]
  6114 | Bailey   | Slain by a vampire

Illustrated notes

Levels and vault maps discovered:
D:1:      psy_arrival_fountain, layout_rooms, shapermc_ecumenical_altar_ellora
D:2:      layout_basic, nicolae_wormholes
D:3:      layout_loops_cross, overflow_temple_1_default, minmay_misc_feat_doors
D:4:      layout_rooms, serial_rivers, chequers_serial_rivers_small_a,
          chequers_serial_rivers_micro_c, chequers_serial_rivers_large_a,
          chequers_serial_rivers_room_a, grunt_ministairs_6, uniq_edmund
D:5:      layout_basic, mainiacjoe_overflow_six_doors_small,
          mainiacjoe_overflow_small_starburst, minmay_temple_entry_junction,
          serial_shops, shop
D:6:      layout_gridville, grunt_temple_overflow_growth_and_decay,
          kennysheep_mini
D:7:      layout_basic, serial_shops, nicolae_shop_industrial_runoff
D:8:      layout_basic, kennysheep_okawaru_gauntlet, enter_bailey_2,
          nicolae_stop_n_shop_1, uniq_pikel
Temple:   eino_temple_lava
Bailey:   bailey_polearm_vampire_castle_hellmonk, bailey

Skill      XL: |  1  2  3  4  5  6  7  8  9 |
---------------+----------------------------+-----
Shields        | 4 5 7 |  7.1
Fighting       | 4 5 6 7 |  7.4
Armour         | 4 5 7 8 |  8.2
Axes           | 3 4 5 6 8 9 11 | 11.3
Dodging        | 1 2 3 |  3.1
Stealth        | 1 |  1.4
Evocations     | |  0.6

Action                     |  1- 3 |  4- 6 |  7- 9 || total
---------------------------+-------+-------+-------++-------
  Melee: War axe           |    80 |    92 |   234 ||   406
         Headbutt          |     8 |    16 |    45 ||    69
 Invoke: Ancestor Life: Kn |       |       |     1 ||     1
  Evoke: Wand              |       |       |     6 ||     6
    Use: Scroll            |       |       |     9 ||     9
         Potion            |       |       |     1 ||     1
   Stab: Distracted        |       |       |     2 ||     2
 Armour: Scale mail        |    56 |     3 |       ||    59
         Chain mail        |       |    83 |   182 ||   265
  Dodge: Dodged            |    49 |    48 |   110 ||   207
  Block: Buckler           |    20 |    27 |    56 ||   103

Table legend: (Time is in decaauts)
 A = Elapsed time spent in this place.
 B = Non-inter-level travel time spent in this place.
 C = Inter-level travel time spent in this place.
 D = Time resting spent in this place.
 E = Time spent auto-exploring this place.
 F = Levels seen in this place.
 G = Mean time per level.
                   A        B        C        D        E       F      G
               +--------+--------+--------+--------+--------+-----+--------+
         Total |   6209 |   5855 |    354 |    220 |   4586 |  10 |  620.9 |
       Dungeon |   5862 |   5516 |    346 |    220 |   4350 |   8 |  732.8 |
        Temple |     16 |      8 |      8 |      0 |      0 |   1 |   16.0 |
        Bailey |    329 |    329 |      0 |      0 |    236 |   1 |  329.0 |
               +--------+--------+--------+--------+--------+-----+--------+

Top non-repeatable levels by time:
     D:5: 1024 daAuts
     D:7: 955 daAuts
     D:6: 939 daAuts
     D:3: 844 daAuts
     D:2: 760 daAuts
     D:4: 733 daAuts
     D:1: 585 daAuts
  Bailey: 329 daAuts
     D:8: 18 daAuts
  Temple: 16 daAuts
